 Dungeon Crawl Stone Soup version 0.24-a0-513-g284f782 (webtiles) character file.

Game seed: 18287369277838711061

1414 DinnerBoy7 the Slinger (level 9, -1/58 HPs)
             Began as a Halfling Hunter on July 20, 2019.
             Was a Believer of Sif Muna.
             Slain by an ogre
             ... wielding a +0 giant spiked club
              (13 damage)
             ... on level 6 of the Dungeon.
             The game lasted 00:37:18 (5350 turns).

DinnerBoy7 the Slinger (Halfling Hunter)            Turns: 5350, Time: 00:37:18

Health: -1/58      AC:  5    Str: 14    XL:     9   Next: 2%
Magic:  9/9        EV: 19    Int: 15    God:    Sif Muna [**....]
Gold:   361        SH:  0    Dex: 16    Spells: 5/8 levels left

rFire    . . .     SeeInvis .   y - +4 quarterstaff (chaos)
rCold    . . .     Gourm    .   (shield currently unavailable)
rNeg     . . .     Faith    .   F - +0 robe "Ukim" {rF- MR+ Regen+ rCorr}
rPois    .         Spirit   .   (no helmet)
rElec    .         Reflect  .   z - +0 cloak
rCorr    +         Harm     .   o - +0 pair of gloves
MR       +....                  q - +0 pair of boots
Stlth    ++........             (no amulet)
HPRegen  0.59/turn              v - ring of protection from fire
MPRegen  0.11/turn              (no ring)

@: brilliant
A: small, mutation resistance 1
a: Channel Magic, Renounce Religion


You were on level 6 of the Dungeon.
You worshipped Sif Muna.
Sif Muna was pleased with you.
You were hungry.

You visited 1 branch of the dungeon, and saw 6 of its levels.

You collected 361 gold pieces.

Inventory:

Hand Weapons
 a - a +1 hunting sling
 b - a +0 short sword
 i - a +0 hunting sling
 y - a +4 quarterstaff of chaos (weapon)
 C - a +1 flail of crushing
Missiles
 d - 29 sling bullets
 h - 112 stones (quivered)
 n - 121 arrows
Armour
 c - a +0 leather armour
 j - a +2 leather armour of cold resistance
 o - a +0 pair of gloves (worn)
 q - a +0 pair of boots (worn)
 z - a +0 cloak (worn)
 B - a +4 chain mail
 F - the +0 robe "Ukim" (worn) {rF- MR+ Regen+ rCorr}
   (You found it on level 5 of the Dungeon)

   It makes you vulnerable to fire.
   It affects your resistance to hostile enchantments.
   It increases your rate of regeneration.
   It provides partial protection from all sources of acid and corrosion.
Jewellery
 r - an uncursed amulet of inaccuracy
 v - a ring of protection from fire (left hand)
Wands
 x - a wand of flame (23)
Scrolls
 l - a scroll of enchant armour {unknown}
 m - a scroll of amnesia
 t - a scroll of remove curse
 u - 3 scrolls of magic mapping
 w - 4 scrolls of teleportation
 E - a scroll of fear {unknown}
Potions
 e - a potion of haste
 g - a potion of agility
 p - 2 potions of heal wounds
 s - 3 potions of curing
 D - a potion of berserk rage {unknown}
Comestibles
 f - 5 rations


   Skills:
 + Level 4.1 Fighting
 * Level 3.7 Staves
 - Level 9.3(9.7) Slings
 + Level 2.9(5.0) Throwing
 - Level 1.2 Armour
 * Level 6.3 Dodging
 - Level 1.1 Stealth


You had 5 spell levels left.
You knew the following spells:

 Your Spells              Type           Power        Failure   Level  Hunger
a - Beastly Appendage     Tmut           #.....       3%          1    ##.....
b - Sticks to Snakes      Tmut           #.......     4%          2    ###....

Your spell library contained the following spells:

 Spells                   Type           Power        Failure   Level  Hunger
 Spider Form              Tmut/Pois      #.........   10%         3    ####...
 Ice Form                 Ice/Tmut       #.......     26%         4    #####..
 Blade Hands              Tmut           #.........   54%         5    ######.


Dungeon Overview and Level Annotations

Branches:
Dungeon (6/15)
 Temple: D:4-7

Altars:
Elyvilon
Fedhas
Sif Muna
Vehumet
Xom


Innate Abilities, Weirdness & Mutations

You are small and have problems with some larger weapons.
You are somewhat resistant to further mutation.


Message History

Your experience leads to an increase in your attributes!
Your base attributes are Str 13, Int 10, Dex 16.
Increase (S)trength, (I)ntelligence, or (D)exterity?
You feel stronger.
The howler monkey hoots and howls with incredible vigour!
You hear a shout!
Okay, then.
You sock the ogre! You burn the ogre.
The ogre is severely wounded.
The howler monkey barely misses you.
The ogre hits you with a +0 giant spiked club!!
Ouch! That really hurt!
* * * LOW HITPOINT WARNING * * *
The howler monkey closely misses you.
An adder skeleton comes into view.
The howler monkey hits you but does no damage.
The howler monkey hits you.
* * * LOW HITPOINT WARNING * * *
The ogre hits you with a +0 giant spiked club!
You die...

.... ##...#####....
.... #....#.##....#
#..##....#.......#
.<.#......##..### ..
#...##...#...# ....###
#.###......##
#....###.......##.+
#.Ogzz......#.#
#@h####.†...#.#
..........#..........#
.......#.......##....#
....%..#........ ....#
##.................z.#
#....##Z......(...<.#
###.. ##........##h..
... ##.......#


You could see an ogre, a howler monkey, 2 wights, a gnoll and an adder skeleton
(wandering).

Vanquished Creatures
  Sigmund (D:5)
  A centaur (D:5)
  An ogre (D:5)
  3 bullfrogs
  3 howler monkeys
  A bullfrog zombie (D:4)
  2 crimson imps (D:5)
  A centaur skeleton (D:6)
  3 orc wizards (D:4)
  Crazy Yiuf (D:3)
  2 hounds
  2 jellies (D:5)
  2 bullfrog skeletons
  4 worker ants
  A howler monkey zombie (D:5)
  7 gnolls
  10 adders
  An ooze (D:2)
  An adder skeleton (D:6)
  5 worms
  2 dart slugs
  3 leopard geckos
  2 orcs (D:4)
  7 bats
  7 giant cockroaches
  6 goblins
  7 hobgoblins
  7 jackals
  2 quokkas (D:4)
  3 ball pythons
  A ball python skeleton (D:4)
  12 frilled lizards
  6 kobolds
  A quokka skeleton (D:3)
  6 rats
  A fungus (D:3)
125 creatures vanquished.

Vanquished Creatures (others)
  A jackal (D:5)
  A quokka (D:4)
2 creatures vanquished.

Grand Total: 127 creatures vanquished

Notes
Turn   | Place    | Note
-------+----------+-------------------------------------------
     0 | D:1      | DinnerBoy7 the Halfling Hunter began the quest for the Orb.
     0 | D:1      | Reached XP level 1. HP: 14/14 MP: 1/1
    21 | D:1      | Reached skill level 6 in Slings
   122 | D:1      | You fall into a shaft and drop 1 floor!
   126 | D:2      | Reached XP level 2. HP: 19/19 MP: 2/2
   246 | D:1      | Reached XP level 3. HP: 24/24 MP: 3/3
   322 | D:1      | Reached skill level 7 in Slings
  1089 | D:2      | Reached XP level 4. HP: 25/29 MP: 4/4
  1422 | D:2      | Reached skill level 1 in Armour
  1482 | D:2      | Reached skill level 8 in Slings
  1507 | D:2      | Reached XP level 5. HP: 34/34 MP: 5/5
  1829 | D:2      | Found a radiant altar of Vehumet.
  1829 | D:2      | Found a deep blue altar of Sif Muna.
  1851 | D:2      | Became a worshipper of Sif Muna the Loreminder
  1977 | D:2      | Found a shimmering altar of Xom.
  2604 | D:3      | Found a runed translucent door.
  2605 | D:3      | Noticed Crazy Yiuf
  2617 | D:3      | Killed Crazy Yiuf
  2617 | D:3      | Reached XP level 6. HP: 15/41 MP: 6/6
  3220 | D:4      | Reached skill level 9 in Slings
  3375 | D:4      | Found a white marble altar of Elyvilon.
  3443 | D:4      | Reached XP level 7. HP: 45/45 MP: 7/7
  3535 | D:4      | Reached * piety under Sif Muna
  3735 | D:4      | Reached skill level 1 in Staves
  4026 | D:5      | Entered Level 5 of the Dungeon
  4031 | D:5      | Noticed Sigmund
  4071 | D:5      | Reached skill level 1 in Throwing
  4088 | D:5      | Killed Sigmund
  4156 | D:5      | Reached XP level 8. HP: 33/52 MP: 8/8
  4340 | D:5      | Reached skill level 5 in Dodging
  4375 | D:5      | Found a blossoming altar of Fedhas.
  4883 | D:5      | Got a heavily jewelled robe
  4894 | D:5      | Identified the cursed +0 robe "Ukim" {rF- MR+ Regen+ rCorr}
                  | (You found it on level 5 of the Dungeon)
  5034 | D:6      | Reached ** piety under Sif Muna
  5279 | D:6      | Learned a level 1 spell: Beastly Appendage
  5282 | D:6      | Learned a level 2 spell: Sticks to Snakes
  5347 | D:6      | Reached XP level 9. HP: 46/58 MP: 9/9
  5350 | D:6      | Slain by an ogre

Levels and vault maps discovered:
D:1:      dpeg_arrival_simpleton_b, layout_loops_ring
D:2:      layout_rooms, nicolae_overflow_hidden_temple,
          amethyst_overflow_temple_binary, minmay_diced_spiral
D:3:      layout_rooms, first_ration, uniq_crazy_yiuf_cottage
D:4:      layout_gridville, elyvilon_altar_4
D:5:      layout_rooms, fedhas_bush_and_centaur_altar, uniq_sigmund
D:6:      minmay_bubble_buster, layout_cave_pools, minmay_misc_feat_nine_boxes

Skill      XL: |  1  2  3  4  5  6  7  8 |
---------------+-------------------------+-----
Slings         | 6 7 8 9 |  9.3
Fighting       | 2 3 4 |  4.1
Armour         | 1 |  1.2
Dodging        | 3 4 6 |  6.3
Staves         | 2 3 |  3.7
Throwing       | 1 2 |  2.9
Stealth        | |  1.1

Action                   |  1- 3 |  4- 6 |  7- 9 || total
-------------------------+-------+-------+-------++-------
Melee: Quarterstaff      |       |    12 |   113 ||   125
       Headbutt          |       |       |     1 ||     1
 Fire: Hunting sling     |    80 |   152 |       ||   232
Throw: Stone             |       |    12 |     5 ||    17
       Boomerang         |       |       |    79 ||    79
 Cast: Beastly Appendage |       |       |     1 ||     1
  Use: Scroll            |       |    11 |     2 ||    13
       Potion            |       |     2 |     8 ||    10
 Stab: Confused          |       |       |     1 ||     1
  Eat: Chunk             |       |     2 |     4 ||     6
       Ration            |       |     2 |       ||     2
Armor: Leather armour    |     8 |     8 |    17 ||    33
       Chain mail        |       |       |    49 ||    49
       Robe              |       |       |     5 ||     5
Dodge: Dodged            |    15 |    56 |   162 ||   233

Table legend:
 A = Non-vault XP
 B = Vault XP
 C = Vault XP percentage of total XP
 D = Non-vault monster count
 E = Vault monster count
 F = Vault count percentage of total count
                 A         B        C        D         E       F
            +---------+---------+-------+---------+---------+-------
      Total |    1622 |     398 |  19.7 |     117 |       7 |   5.6
            +---------+---------+-------+---------+---------+-------
        D:1 |      28 |       0 |   0.0 |      18 |       0 |   0.0
        D:2 |     140 |      18 |  11.4 |      30 |       4 |  11.8
        D:3 |      75 |      41 |  35.3 |      16 |       1 |   5.9
        D:4 |     374 |       0 |   0.0 |      24 |       0 |   0.0
        D:5 |     573 |     339 |  37.2 |      19 |       2 |   9.5
        D:6 |     432 |       0 |   0.0 |      10 |       0 |   0.0
            +---------+---------+-------+---------+---------+-------
